 Dungeon Crawl Stone Soup version 0.31-a0-801-gc67433417a (webtiles) character file.

Game seed: 5770983034774200422

2 Essalna the Conjurer (level 1, -1/13 HPs)
             Began as a Demonspawn Conjurer on Sept 20, 2023.
             Slain by a giant cockroach (2 damage)
             ... on level 1 of the Dungeon.
             The game lasted 00:00:22 (73 turns).

Essalna the Conjurer (Demonspawn Conjurer)            Turns: 73, Time: 00:00:22

Health: -1/13      AC:  2    Str:  7    XL:     1   Next: 33%
Magic:  1/3        EV: 12    Int: 19    God:
Gold:   0          SH:  0    Dex: 11    Spells: 3/4 levels left

rFire   . . .        (no weapon)
rCold   . . .        (no shield)
rNeg    . . .        a - +0 robe
rPois   .            (no helmet)
rElec   .            (no cloak)
rCorr   .            (no gloves)
SInv    .            (no boots)
Will    .....        (no amulet)
Stlth   ++           (no ring)
HPRegen 0.22/turn    (no ring)
MPRegen 0.08/turn

%: no passive effects
@: no status effects
A: no striking features
a: no special abilities


You were on level 1 of the Dungeon.
You visited 1 branch of the dungeon, and saw 1 of its levels.

Inventory:

Armour
 a - a +0 robe (worn)
Potions
 b - a potion of magic


   Skills:
 - Level 1.7 Dodging
 - Level 1.7 Stealth
 + Level 2.1 Spellcasting
 + Level 4.0 Conjurations


You had 3 spell levels left.
You knew the following spells:

 Your Spells              Type           Power      Damage    Failure   Level
a - Magic Dart            Conj           68%        1d6       3%          1

Your spell library contained the following spells:

 Spells                   Type           Power      Damage    Failure   Level
 Searing Ray              Conj           34%        2d5       4%          2
 Dazzling Flash           Conj/Hex       18%        N/A       22%         3
 Fulminant Prism          Conj/Hex       4%         3d5       58%         4
 Iskenderun's Mystic Bla  Conj/Tloc      9%         2d4       58%         4


Dungeon Overview and Level Annotations

Branches:
Dungeon (1/15)

Altars:


Message History

Confirm with . or Enter, or press ? or * to list all spells.
Aiming: Magic Dart (safe; 3% risk of failure)
Press: ? - help, Shift-Dir - straight line, f/p - jackal
Aim: a jackal (severely wounded, 100% to hit)
The magic dart hits the jackal but does no damage.
The jackal is severely wounded.
The jackal closely misses you. The giant cockroach bites you.
You closely miss the jackal.
The jackal is severely wounded.
The jackal bites you. The giant cockroach misses you. The jackal bites you.
The giant cockroach attacks as it pursues you!
The giant cockroach barely misses you. The jackal closely misses you.
The giant cockroach closely misses you.
The giant cockroach attacks as it pursues you!
The giant cockroach bites you but does no damage.
The jackal bites you but does no damage.
A giant cockroach comes into view.
The giant cockroach barely misses you. The bat hits you.
The bat closely misses you. The jackal closely misses you.
You see here an orange potion.
Found a leather armour.
The bat closely misses you. The jackal attacks as it pursues you!
The jackal bites you.
* * * LOW HITPOINT WARNING * * *
A frilled lizard and a hobgoblin come into view.
The hobgoblin shouts!
A giant cockroach comes into view.
The jackal attacks as it pursues you! The jackal bites you.
* * * LOW HITPOINT WARNING * * *
The jackal closely misses you. The jackal closely misses you.
You see here a +0 dagger.
The jackal barely misses you. The giant cockroach barely misses you.
The giant cockroach bites you.
* * * LOW HITPOINT WARNING * * *
The jackal barely misses you.
The giant cockroach bites you but does no damage.
The giant cockroach waves its antennae.
The giant cockroach bites you.
You die...

####....#######...
###.............
#............#..
....#####.........
#########........#
#B.b..!.......
...####b#....#.
#h#B##.# #B@.# ...
#..lg........
................
####..........#.
#..........#
#.......[..#
#..........#
#..........#


You could see a jackal, 2 giant cockroaches, a hobgoblin, a bat and a frilled
lizard (wandering).

Vanquished Creatures
  A bat (D:1)
  A hobgoblin (D:1)
2 creatures vanquished.

Notes
Turn   | Place    | Note
-------+----------+-------------------------------------------
     0 | D:1      | Essalna the Demonspawn Conjurer began the quest for the
                  | Orb.
     0 | D:1      | Reached XP level 1. HP: 13/13 MP: 3/3
    73 | D:1      | Slain by a giant cockroach

Illustrated notes

Levels and vault maps discovered:
D:1:      amcnicky_arrival_double_pillar, layout_rooms,
          chequers_serial_rivers_micro_d, grunt_decor_cap

Action                     || total
---------------------------++-------
  Melee: Unarmed           ||     3
   Cast: Magic Dart        ||     7
 Armour: Robe              ||    17
  Dodge: Dodged            ||    23

Table legend: (Time is in decaauts)
 A = Elapsed time spent in this place.
 B = Non-inter-level travel time spent in this place.
 C = Inter-level travel time spent in this place.
 D = Time resting spent in this place.
 E = Time spent auto-exploring this place.
 F = Levels seen in this place.
 G = Mean time per level.
                   A        B        C        D        E       F      G
               +--------+--------+--------+--------+--------+-----+--------+
         Total |     73 |     73 |      0 |      0 |     38 |   1 |   73.0 |
       Dungeon |     73 |     73 |      0 |      0 |     38 |   1 |   73.0 |
               +--------+--------+--------+--------+--------+-----+--------+

Top non-repeatable levels by time:
     D:1: 73 daAuts
